 Dungeon Crawl Stone Soup version 0.23.1 (webtiles) character file.

Game seed: 6651706330307137369

221 Kisielow the Cudgeler (level 5, -1/41 HPs)
             Began as a Demonspawn Abyssal Knight on Mar 13, 2019.
             Was a Believer of Lugonu.
             Slain by Crazy Yiuf
             ... wielding a +4 quarterstaff of chaos
              (8 damage)
             ... on level 3 of the Dungeon.
             The game lasted 00:10:15 (3941 turns).

Kisielow the Cudgeler (Demonspawn Abyssal Knight)   Turns: 3941, Time: 00:10:16

Health: -1/41      AC:  5    Str: 14    XL:     5   Next: 65%
Magic:  6/6        EV: 10    Int: 13    God:    Lugonu [**....]
Gold:   77         SH:  3    Dex: 12    Spells: 4/4 levels left

rFire    . . .     SeeInvis .   a - +1 mace
rCold    . . .     Gourm    .   k - +0 buckler
rNeg     . . .     Faith    .   b - +0 leather armour
rPois    .         Spirit   .   h - +0 helmet
rElec    .         Reflect  .   (no cloak)
rCorr    .         Harm     .   l - +0 pair of gloves
MR       .....                  (no boots)
Stlth    +.........             (no amulet)
HPRegen  0.13/turn              (no ring)
MPRegen  0.10/turn              (no ring)

@: very slightly contaminated
A: claws 1, powered by death 2
a: Depart the Abyss, Bend Space, Renounce Religion


You were on level 3 of the Dungeon.
You worshipped Lugonu.
Lugonu was pleased with you.
You were hungry.

You visited 1 branch of the dungeon, and saw 3 of its levels.
You visited the Abyss 1 time.

You collected 77 gold pieces.

Inventory:

Hand Weapons
 a - a +1 mace (weapon)
Missiles
 e - 87 stones (quivered)
Armour
 b - a +0 leather armour (worn)
 h - a +0 helmet (worn)
 k - a +0 buckler (worn)
 l - a +0 pair of gloves (worn)
Scrolls
 f - 2 scrolls of remove curse
 i - 6 scrolls of identify
Comestibles
 c - 2 rations


   Skills:
 + Level 3.5 Fighting
 * Level 4.8 Maces & Flails
 + Level 2.5 Armour
 - Level 0.8 Dodging
 + Level 0.1 Shields
 - Level 2.4 Invocations


You had 4 spell levels left.
You didn't know any spells.
Your spell library was empty.

Dungeon Overview and Level Annotations

Branches:
Dungeon (3/15)

Altars:
Kikubaaqudgha
Yredelemnul

Annotations:
D:3 1 runed translucent door, Crazy Yiuf


Innate Abilities, Weirdness & Mutations

You have sharp fingernails.
You regenerate health from kills.


Message History

Throwing (i - inventory)
e - 90 stones (quivered)
Press: ? - help, Shift-Dir - straight line, f - Crazy Yiuf
Aim: Crazy Yiuf, wielding a +4 quarterstaff of chaos and wearing a +0 cloak You throw a stone.
The stone hits Crazy Yiuf but does no damage.
Throwing (i - inventory)
e - 89 stones (quivered)
Press: ? - help, Shift-Dir - straight line, f/p - Crazy Yiuf
Aim: Crazy Yiuf, wielding a +4 quarterstaff of chaos and wearing a +0 cloak You throw a stone.
The stone hits Crazy Yiuf but does no damage.
Throwing (i - inventory)
e - 88 stones (quivered)
Press: ? - help, Shift-Dir - straight line, f/p - Crazy Yiuf
Aim: Crazy Yiuf, wielding a +4 quarterstaff of chaos and wearing a +0 cloak You throw a stone.
The stone closely misses Crazy Yiuf.
You closely miss Crazy Yiuf. You block Crazy Yiuf's attack.
You closely miss Crazy Yiuf.
Crazy Yiuf hits you with a +4 quarterstaff of chaos!
* * * LOW HITPOINT WARNING * * *
You are electrocuted!
You die...

....##.# #.........#.......
....##.# #.........#.......
...###.#########.........#.......
...# #.........#.........########
...# #########.#...).....# ...#
#.#.........# ...# #.'.........#
#### ######.........#
#(((.g@........# #.##############
#####.# ### ##..+..#
g.####......# ##..#.......#
###.#...+..# ##########


You could see Crazy Yiuf.

Vanquished Creatures
  2 orc wizards (D:2)
  Robin (D:2)
  3 gnolls (D:3)
  2 adders (D:2)
  An ooze (D:3)
  An adder skeleton (D:2)
  3 worms
  2 dart slugs (D:2)
  3 leopard geckos
  2 orcs
  2 giant cockroaches
  13 goblins
  12 hobgoblins
  5 jackals (D:2)
  A quokka (D:2)
  A ball python (D:1)
  5 bats
  6 frilled lizards
  A goblin skeleton (D:3)
  8 kobolds
  A kobold zombie (D:3)
  15 rats
90 creatures vanquished.

Notes
Turn   | Place    | Note
-------+----------+-------------------------------------------
     0 | Abyss:1  | Kisielow the Demonspawn Abyssal Knight began the quest for
                  | the Orb.
     0 | Abyss:1  | Reached XP level 1. HP: 18/18 MP: 2/2
    39 | Abyss:1  | Noticed a dire elephant skeleton
    39 | Abyss:1  | Noticed a small abomination
    41 | D:1      | Escaped the Abyss
    83 | D:1      | Reached skill level 2 in Maces & Flails
   282 | D:1      | Gained mutation: You regenerate a little health from kills.
                  | [demonic ancestry]
   282 | D:1      | Reached XP level 2. HP: 24/24 MP: 3/3
   292 | D:1      | Reached * piety under Lugonu
   525 | D:1      | Reached skill level 3 in Maces & Flails
   590 | D:1      | Gained mutation: You have sharp fingernails. [demonic
                  | ancestry]
   590 | D:1      | Reached XP level 3. HP: 26/29 MP: 4/4
  1088 | D:2      | Reached ** piety under Lugonu
  1359 | D:2      | Found an ancient bone altar of Kikubaaqudgha.
  1646 | D:2      | Reached XP level 4. HP: 16/35 MP: 5/5
  1647 | D:2      | Reached skill level 4 in Maces & Flails
  1856 | D:2      | Noticed Robin
  1873 | D:2      | Killed Robin
  2131 | D:2      | Gained mutation: You regenerate health from kills. [demonic
                  | ancestry]
  2131 | D:2      | Reached XP level 5. HP: 19/41 MP: 6/6
  3650 | D:3      | Found a faded altar of an unknown god.
  3793 | D:3      | Found a runed translucent door.
  3793 | D:3      | Noticed a human
  3799 | D:3      | Found a basalt altar of Yredelemnul.
  3913 | D:3      | Found a runed translucent door.
  3914 | D:3      | Noticed Crazy Yiuf
  3941 | D:3      | Slain by Crazy Yiuf

Skill      XL: |  1  2  3  4 |
---------------+-------------+-----
Maces & Flails | 2 3 4 |  4.8
Armour         | 2 |  2.5
Fighting       | |  3.5
Dodging        | |  0.8
Shields        | |  0.1
Invocations    | |  2.4

Action                   |  1- 3 |  4- 6 || total
-------------------------+-------+-------++-------
Melee: Mace              |   130 |   155 ||   285
Throw: Stone             |     2 |     3 ||     5
Invok: Depart the Abyss  |     1 |       ||     1
       Bend Space        |       |     1 ||     1
  Use: Potion            |       |     5 ||     5
       Scroll            |       |     3 ||     3
 Stab: Sleeping          |     3 |       ||     3
  Eat: Chunk             |     2 |     4 ||     6
       Ration            |       |     1 ||     1
Armor: Leather armour    |    29 |    40 ||    69
Dodge: Dodged            |    86 |    93 ||   179
Block: Buckler           |       |     5 ||     5
